Map: Ulrena

Players

Dizzy - Winner!

  • Race: Terran Terran
  • League: Gold

capac

  • Race: Terran Terran
  • League: Gold

VOD

Have the link to the VOD?

Description

Time

  • Played on: March 20, 2016, 1:20 p.m.
  • Length: 13:35
Show
View Real Time Build Order
Export as new Build Order

Dizzy Terran - Winner!

Build Orders: Command Center First (CC), MMM Bio 

Get SALT Encoding   

  12  0:01  SCV  
  13  0:13  SCV  
  14  0:20  Supply Depot  
  14  0:25  SCV  
  15  0:41  SCV  
  16  0:53  SCV  
  17  1:01  Command Center  
  17  1:06  SCV  
  18  1:22  Barracks  
  18  1:32  Supply Depot  
  18  1:45  Refinery  
  18  1:48  Refinery, Barracks  
  18  2:01  SCV  
  19  2:12  Marine  
  19  2:14  Orbital Command  
  20  2:24  Orbital Command  
  20  2:40  Factory  
  20  2:42  SCV  
  21  2:46  Marine  
  21  2:49  Marine  
  23  2:56  SCV x2  
  25  3:06  Marine  
  25  3:07  Marine  
  25  3:08  SCV x2  
  29  3:23  Starport  
  29  3:24  Factory Reactor  
  29  3:26  Barracks Tech Lab  
  29  3:32  Barracks Reactor  
  29  3:33  Orbital Command  
  29  3:38  SCV  
  30  3:45  Marine  
  31  3:48  Barracks  
  31  3:49  Stimpack  
  31  3:50  Barracks  
  31  3:56  SCV  
  31  4:01  SCV  
  33  4:03  Marine  
  33  4:08  Marine x2  
  36  4:11  SCV  
  37  4:21  Marine  
  38  4:25  Medivac x2  
  38  4:26  Marine x2  
  44  4:32  Engineering Bay  
  44  4:35  Barracks Reactor  
  44  4:36  Barracks Reactor  
  44  4:39  Marine  
  44  4:44  Marine  
  46  4:51  Marine  
  47  4:56  Supply Depot  
  47  4:57  Marine  
  47  4:59  Supply Depot  
  48  5:01  Missile Turret  
  48  5:02  Marine  
  48  5:03  Medivac x2  
  53  5:09  Marine  
  54  5:17  Marine x5  
  54  5:19  Marine, SCV  
  61  5:38  Missile Turret  
  61  5:48  Marine x6  
  67  5:59  Missile Turret  
  67  6:04  Marine  
  68  6:05  Marine  
  68  6:06  Marine, Missile Turret  
  68  6:11  Terran Infantry Weapons Level 1  
  70  6:26  Marine x7  
  70  6:30  Supply Depot  
  77  6:33  Supply Depot  
  59  7:08  Marine x2  
  59  7:09  Marine x5  
  59  7:10  Medivac x2  
  62  7:26  Marine x3  
  61  7:36  Marine x4  
  65  7:39  Combat Shields  
  65  7:40  Medivac  
  65  7:44  Marine x2, Factory Tech Lab  
  69  7:55  SCV x2  
  71  8:04  Command Center  
  71  8:07  SCV x2  
  71  8:12  Viking  
  77  8:14  Viking  
  77  8:15  Marine  
  77  8:16  Marine x6  
  77  8:19  SCV  
  85  8:20  Terran Infantry Armor Level 1  
  85  8:33  Marine x3  
  85  8:34  Marauder, Marine  
  91  8:52  Marine  
  91  8:53  Marine x2  
  94  9:10  Supply Depot  
  94  9:11  Supply Depot  
  94  9:16  Marauder, Marine x6  
  102  9:33  Marine  
  102  9:34  Supply Depot  
  102  9:38  Marauder  
  105  9:40  Siege Tank  
  106  9:59  Marauder  
  102  10:00  Marine  
  102  10:01  Marine x3  
  106  10:12  Siege Tank  
  109  10:20  Marauder  
  94  10:42  Marauder  
  91  10:44  Siege Tank  
  77  10:56  Marine x3  
  77  10:57  Marine x3  
  75  11:03  Marauder  
  73  11:14  Marine x5  
  73  11:15  Marine  
  73  11:16  Siege Tank  
  82  11:24  Marauder  
  84  11:32  Marine x5  
  85  11:33  Marine  
  86  11:46  Marauder  
  86  11:50  Marine x5  
  89  12:07  Marauder  
  91  12:29  Marauder  
  93  12:31  Marine x5  
Show
View Real Time Build Order
Export as new Build Order

capac Terran 

Build Orders:  

Get SALT Encoding   

  12  0:00  SCV  
  13  0:12  SCV  
  14  0:19  Supply Depot  
  14  0:25  SCV  
  15  0:40  SCV  
  15  0:41  Barracks  
  16  0:49  Refinery  
  16  0:52  SCV  
  17  1:04  SCV  
  18  1:17  SCV  
  19  1:26  Supply Depot  
  19  1:43  Command Center  
  19  1:50  Barracks Reactor  
  19  1:55  SCV  
  20  2:08  Orbital Command  
  20  2:16  Factory  
  20  2:26  Marine x2  
  22  2:35  Refinery, SCV  
  23  2:44  Marine x2  
  23  2:47  SCV  
  26  2:58  Bunker  
  26  3:07  Starport  
  26  3:09  Engineering Bay  
  26  3:12  SCV  
  27  3:14  SCV  
  27  3:18  Marine  
  29  3:22  Marine  
  30  3:35  Orbital Command  
  30  3:36  SCV  
  30  3:39  Marine x2  
  33  3:49  Medivac  
  33  3:52  Factory Tech Lab  
  35  4:00  Missile Turret  
  35  4:02  SCV  
  36  4:09  SCV  
  37  4:16  Siege Tank  
  40  4:29  Barracks  
  40  4:31  Missile Turret  
  40  4:33  SCV x2  
  40  4:38  Supply Depot  
  42  4:39  Marine  
  42  4:41  Marine  
  42  4:45  SCV  
  48  5:00  Siege Tank  
  48  5:06  Supply Depot  
  49  5:07  SCV x2  
  50  5:15  Barracks  
  50  5:17  Starport Reactor  
  50  5:18  Terran Infantry Weapons Level 1  
  50  5:19  SCV  
  50  5:20  SCV  
  52  5:23  Refinery  
  52  5:24  Refinery  
  52  5:27  Barracks Tech Lab  
  52  5:32  Marine x2  
  54  5:38  Siege Tank, Liberator  
  54  5:41  Liberator  
  57  5:44  SCV x2  
  57  5:45  Marine  
  57  5:49  Marine  
  60  5:50  Supply Depot  
  60  5:56  SCV x2  
  66  6:01  Marine  
  70  6:10  Barracks Reactor  
  70  6:12  SCV x2  
  70  6:15  Supply Depot  
  72  6:24  SCV x2  
  74  6:37  SCV x2  
  76  6:41  Siege Tank  
  67  7:03  Marine x2  
  69  7:13  Missile Turret  
  69  7:35  Command Center  
  69  7:39  Medivac  
  70  7:53  Marine  
  71  8:12  Supply Depot  
  71  8:13  Supply Depot  
  71  8:27  Missile Turret  
  71  8:32  Missile Turret  
  71  8:34  Marine x5, Siege Tank, Medivac  
  79  8:36  Supply Depot  
  79  8:39  Supply Depot  
  81  8:51  Marine x2  
  81  8:52  Marine  
  84  9:06  Marine x2, Medivac x2  
  84  9:09  Marine x2  
  89  9:59  Viking x2  
  51  11:19  Factory  
  50  11:57  SCV  
  51  12:11  Starport  
  51  12:20  Factory Tech Lab  
  51  12:40  Siege Tank  
Tags
 
Composition
MMM Bio
League
GoldGold
Matchup
TvT
Race
Terran
Add a new tag
Caveats
  • Supply blocks, unpowered buildings, or Contaminate may cause inaccurate times.
  • Supply counts are checked every 10 seconds.